 Dungeon Crawl Stone Soup version 0.20-a0-647-gf178af5 (console) character file.

65 nht the Chopper (level 4, -5/35 HPs)
             Began as a Formicid Fighter on Feb 15, 2017.
             Slain by a gnoll
             ... wielding a +0 club
              (6 damage)
             ... on level 2 of the Dungeon.
             The game lasted 00:01:46 (1008 turns).

nht the Chopper (Formicid Fighter)                  Turns: 1008, Time: 00:01:47

Health: -5/35      AC:  9    Str: 26    XL:     4   Next: 34%
Magic:  4/4        EV:  7    Int:  8    God:
Gold:   130        SH:  9    Dex: 10    Spells: 3/3 levels left

rFire    + . .     SeeInvis +   a - +0 war axe
rCold    x . .     Gourm    .   b - +0 scale mail
rNeg     . . .     Faith    .   c - +0 shield
rPois    .         Spirit   .   (helmet unavailable)
rElec    .         Reflect  .   i - +0 cloak
rCorr    .         Harm     .   h - +0 pair of gloves
MR       .....                  s - +0 pair of boots
Stlth    ..........             (no amulet)
Regen    0.2/turn               (no ring)
MPRegen  0.1/turn               j - ring of fire

@: mighty, drained
A: permanent stasis, dig shafts and tunnels, four strong arms, antennae 3
a: Dig, Shaft Self


You were on level 2 of the Dungeon.
You were not hungry.

You visited 1 branch of the dungeon, and saw 2 of its levels.

You collected 130 gold pieces.

Inventory:

Hand Weapons
 a - a +0 war axe (weapon)
Armour
 b - a +0 scale mail (worn)
 c - a +0 shield (worn)
 h - a +0 pair of gloves (worn)
 i - a +0 cloak (worn)
 s - a +0 pair of boots (worn)
Jewellery
 j - a ring of fire (left hand)
 k - an uncursed amulet of harm
Scrolls
 e - 2 scrolls of enchant weapon {unknown}
 m - a scroll of recharging {unknown}
 q - a scroll of immolation {unknown}
 w - a scroll of teleportation {unknown}
 x - a scroll of noise {unknown}
Potions
 l - a potion of ambrosia {unknown}
 n - 2 potions of curing {unknown}
 o - 2 potions of brilliance {unknown}
 p - a potion of resistance {unknown}
 r - a potion of degeneration {unknown}
 t - a potion of mutation {unknown}
 u - a potion of flight {unknown}
Comestibles
 f - a bread ration
 g - 6 chunks of flesh
 v - a meat ration


   Skills:
 - Level 3.2(2.2) Fighting
 + Level 4.2(3.2) Axes
 - Level 3.2(2.2) Armour
 - Level 3.6(2.5) Shields


You had 3 spell levels left.
You didn't know any spells.

Dungeon Overview and Level Annotations

Branches:
Dungeon (2/15)

Altars:


Innate Abilities, Weirdness & Mutations

You cannot be hasted, slowed, berserked, paralysed or teleported.
You can dig through walls and to a lower floor.
Your four strong arms can wield two-handed weapons with a shield.
You have a pair of large antennae on your head. (SInv)


Message History

You slash the gnoll!
The gnoll is severely wounded.
You closely miss the gnoll. You barely miss the bat.
You block the bat's attack. The gnoll hits you but does no damage.
The gnoll hits you with a flail. The gnoll barely misses you.
You closely miss the gnoll.
The gnoll is severely wounded.
You completely miss the gnoll. The gnoll hits you but does no damage.
The gnoll hits you with a flail. You block the gnoll's attack.
You block the bat's attack. You block the gnoll's attack.
The gnoll hits you with a spear.
* * * LOW HITPOINT WARNING * * *
You slice the gnoll!!
You kill the gnoll!
You closely miss the gnoll. You barely miss the bat.
You closely miss the gnoll. You block the bat's attack.
The gnoll hits you with a flail!
* * * LOW HITPOINT WARNING * * *
You block the gnoll's attack. The gnoll hits you with a club.
You die...

........ ... █.█.██.█ ...
█.█.██.██████████.█
█.................█
█.....(█████████..█
█████████......).........█
..........█████████████...
..........█


████ ....?....@█ ........g)g...... ██████ ..........bg..... +.....
(........█....... ██████ ...███████....... ... ....... █████ .. ....... █....
....... █.... █.... You could see 3 gnolls and a bat.

Vanquished Creatures
  A gnoll (D:2)
  2 adders (D:2)
  A dart slug (D:1)
  3 giant cockroaches
  6 goblins (D:1)
  3 hobgoblins
  A jackal (D:2)
  A quokka (D:2)
  3 bats
  5 frilled lizards
  5 kobolds
  3 rats (D:1)
34 creatures vanquished.

Notes
Turn   | Place    | Note
-------+----------+-------------------------------------------
     0 | D:1      | nht the Formicid Fighter began the quest for the Orb.
     0 | D:1      | Reached XP level 1. HP: 18/18 MP: 1/1
    73 | D:1      | Reached XP level 2. HP: 23/24 MP: 2/2
   403 | D:1      | Reached skill level 3 in Axes
   587 | D:1      | Reached XP level 3. HP: 24/29 MP: 3/3
   973 | D:2      | Reached skill level 4 in Axes
   973 | D:2      | Reached XP level 4. HP: 32/35 MP: 4/4
  1008 | D:2      | HP: 1/35 [gnoll/flail (8)]
  1008 | D:2      | Slain by a gnoll

Vault maps used:
D:1:      eino_arrival_tree_alley
D:2:      minmay_tromino_v7

Skill      XL: |  1  2  3 |
---------------+----------+-----
Axes           | 3 4 |  4.2
Fighting       | |  3.2
Armour         | |  3.2
Shields        | |  3.6

Action                   |  1- 3 |  4- 6 || total
-------------------------+-------+-------++-------
Melee: War axe           |   113 |     8 ||   121
  Use: Potion            |       |     1 ||     1
  Eat: Chunk             |       |     1 ||     1
Armor: Scale mail        |    73 |     5 ||    78
Dodge: Dodged            |    38 |     1 ||    39
Block: Shield            |    57 |    13 ||    70
